 Dungeon Sprint DCSS version 0.22-a0-460-g49b1da7 (webtiles) character file.

14641 emperorscorpion the Unseen (level 12, 0/68 HPs)
             Began as a Vine Stalker Assassin on June 9, 2018.
             Was a Follower of Uskayaw.
             Slain by an ettin
             ... wielding a +0 dire flail of protection
              (5 damage)
             ... in the Dungeon (Sprint IX: "|||||||||||||||||||||||||||||").
             The game lasted 00:09:33 (1862 turns).

emperorscorpion the Unseen (Vine Stalker Assassin)  Turns: 1862, Time: 00:09:34

Health: 0/68       AC:  9    Str: 15    XL:     12   Next: 18%
Magic:  0/23       EV: 20    Int: 11    God:    Uskayaw [*.....]
Gold:   1450       SH:  0    Dex: 20    Spells: 11/11 levels left

rFire    . . .     SeeInvis .   a - +2 rapier (venom)
rCold    . . .     Gourm    .   (no shield)
rNeg     . . .     Faith    .   p - +0 troll leather armour
rPois    .         Spirit   +   (no helmet)
rElec    .         Reflect  .   d - +0 cloak
rCorr    .         Harm     .   (no gloves)
MR       +....     NoTele   +   G - +0 pair of boots
Stlth    +++++++...             (no amulet)
HPRegen  1.41/turn              v - +2 ring of protection
MPRegen  0.18/turn              w - +2 ring of evasion

@: lethally poisoned (0 -> 0)
A: fangs 3, regeneration 2, magic shield, antimagic bite, no potion heal 3, rot
immunity
a: Stomp, Renounce Religion


You were in the Dungeon.
You worshipped Uskayaw.
Uskayaw was pleased with you.
You were hungry.

You visited 1 branch You collected 1450 gold pieces.

Inventory:

Hand Weapons
 a - a +2 rapier of venom (weapon)
 b - a +0 blowgun
 r - a +2 dagger
 x - a +2 scimitar of flaming
 H - a +0 dagger of draining
Missiles
 e - 8 poisoned needles
 f - 2 curare-tipped needles
Armour
 c - a +0 robe
 d - a +0 cloak (worn)
 p - a +0 troll leather armour (worn)
 t - a +0 cloak
 u - a +2 ring mail
 C - the +2 chain mail "Ynupn" {Int+6}
   (You found it in the Dungeon)

   It affects your intelligence (+6).
 G - a +0 pair of boots (worn)
Magical Staves
 q - an uncursed staff of energy
Jewellery
 v - a +2 ring of protection (left hand)
 w - a +2 ring of evasion (right hand)
Wands
 F - a wand of random effects (31)
Scrolls
 m - 3 scrolls of blinking
 n - 6 scrolls of remove curse
 o - 2 scrolls of amnesia
 y - a scroll of identify
 D - 4 scrolls of enchant weapon
 E - 2 scrolls of enchant armour
Potions
 h - 7 potions of curing
 i - 7 potions of heal wounds
 j - a potion of haste
 k - 4 potions of magic
 l - a potion of invisibility
 s - a potion of flight {unknown}
 A - a potion of brilliance
 B - 2 potions of might
Comestibles
 g - 11 rations
 z - 12 chunks of flesh


   Skills:
 + Level 10.4 Fighting
 + Level 13.8 Short Blades
 + Level 4.2 Throwing
 + Level 5.6 Armour
 + Level 7.6 Dodging
 + Level 18.5 Stealth
 * Level 14.5 Invocations
 - Level 0.6 Evocations


You had 11 spell levels left.
You didn't know any spells.
Your spell library was empty.

Dungeon Overview and Level Annotations

Branches:
Dungeon (1/1)

Altars:
Cheibriados
Dithmenos
Elyvilon
Fedhas
Gozag
Hepliaklqana
Kikubaaqudgha
Makhleb
Nemelex Xobeh
Okawaru
Qazlal
Ru
Sif Muna
Trog
Uskayaw
Vehumet
Wu Jian
Xom
Yredelemnul
Zin
The Shining One
Beogh
Jiyva
Lugonu

Shops:
D =![


Innate Abilities, Weirdness & Mutations

You have razor-sharp teeth.
You heal very quickly.
When hurt, damage is shared between your health and your magic reserves.
Your bite disrupts and absorbs the magic of your enemies.
Potions cannot restore your health.
You are immune to rotting.


Message History

You feel sick.
The ettin hits you with a dire flail of protection!
The ettin closely misses you.
Found 50 gold pieces.
You see here 50 gold pieces.
You hit the ettin.
The ettin is poisoned.
The ettin is lightly wounded.
The ettin hits you with a dire flail of protection!
The ettin hits you with a dire flail!!!
Ouch! That really hurt!
* * * LOW HITPOINT WARNING * * *
You hit the ettin.
The ettin looks as sick as possible!
You bite the ettin, but do no damage.
The ettin is lightly wounded.
You hit the ettin but do no damage.
The ettin looks as sick as possible!
The ettin is lightly wounded.
The ettin hits you with a dire flail of protection!
* * * LOW HITPOINT WARNING * * *
The ettin hits you with a dire flail!
You die...

▓.▓(▓.▓)▓
▓$▓.▓.▓.▓'▓
▓∩▓.▓(▓.▓.▓
▓.▓.▓.▓.▓.▓
▓∩▓.▓.▓.▓.▓
▓.▓.▓.▓.▓[▓
▓∩▓.▓.▓.▓.▓
▓C▓.▓.▓.▓)▓
▓@▓.▓.▓.▓.▓
▓$▓.▓.▓.▓.▓
▓.▓.▓.▓.▓.▓
▓[▓.▓'▓.▓'▓
▓'▓.▓.▓.▓_▓
▓.▓.▓†▓.▓_▓
▓.▓.▓.▓.▓_▓
▓.▓.▓.▓.▓_▓
▓.▓.▓†▓.▓_▓


You could see an ettin.

Vanquished Creatures
  A dire elephant (D)
  A death knight (D)
  An ogre mage (D)
  A two-headed ogre (D)
  Erica (D)
  An orc high priest (D)
  4 deep trolls (D)
  2 orc knights (D)
  An ugly thing (D)
  7 elephants (D)
  A komodo dragon (D)
  3 spiny frogs (D)
  2 trolls (D)
  2 hippogriffs (D)
  3 yaks (D)
  A wyvern (D)
  A hungry ghost (D)
  2 porcupines (D)
  A water moccasin (D)
  11 orc warriors (D)
  A sky beast (D)
  A wolf (D)
  2 crocodiles (D)
  3 bullfrogs (D)
  A killer bee (D)
  A wight (D)
  A crimson imp (D)
  2 orc priests (D)
  5 orc wizards (D)
  2 worker ants (D)
  A gnoll (D)
  An adder (D)
  An adder skeleton (D)
  An adder zombie (D)
  5 orcs (D)
  3 jackals (D)
  A ball python (D)
  A rat (D)
80 creatures vanquished.

Vanquished Creatures (others)
  An efreet (D)
1 creature vanquished.

Grand Total: 81 creatures vanquished

Notes
Turn   | Place    | Note
-------+----------+-------------------------------------------
     0 | D        | emperorscorpion the Vine Stalker Assassin began the quest for the Orb.
     0 | D        | Reached XP level 1. HP: 11/11 MP: 2/2
     8 | D        | Reached skill level 5 in Stealth
    27 | D        | Reached skill level 1 in Dodging
    27 | D        | Reached skill level 6 in Stealth
    27 | D        | Reached XP level 2. HP: 3/15 MP: 1/3
   257 | D        | Noticed a sky beast
   257 | D        | Noticed a crimson imp
   292 | D        | Killed a crimson imp
   292 | D        | Reached skill level 8 in Stealth
   292 | D        | Reached XP level 3. HP: 17/19 MP: 2/4
   293 | D        | Gained mutation: Your natural rate of healing is unusually fast. [Vine Stalker growth]
   293 | D        | Reached XP level 4. HP: 21/23 MP: 2/5
   299 | D        | Killed a sky beast
   299 | D        | Reached skill level 10 in Stealth
   299 | D        | Reached XP level 5. HP: 8/28 MP: 1/6
   300 | D        | Reached skill level 5 in Short Blades
   349 | D        | Found a roughly hewn altar of Beogh.
   349 | D        | Found a snail-covered altar of Cheibriados.
   349 | D        | Found a shadowy altar of Dithmenos.
   349 | D        | Found a white marble altar of Elyvilon.
   349 | D        | Found a blossoming altar of Fedhas.
   349 | D        | Found an opulent altar of Gozag.
   350 | D        | Found a hazy altar of Hepliaklqana.
   351 | D        | Found a viscous altar of Jiyva.
   352 | D        | Found an ancient bone altar of Kikubaaqudgha.
   353 | D        | Found a corrupted altar of Lugonu.
   354 | D        | Found a burning altar of Makhleb.
   355 | D        | Found a sparkling altar of Nemelex Xobeh.
   356 | D        | Found an iron altar of Okawaru.
   357 | D        | Found a stormy altar of Qazlal.
   358 | D        | Found a sacrificial altar of Ru.
   359 | D        | Found a deep blue altar of Sif Muna.
   360 | D        | Found a bloodstained altar of Trog.
   361 | D        | Found a hide-covered altar of Uskayaw.
   362 | D        | Found a radiant altar of Vehumet.
   363 | D        | Found an ornate altar of the Wu Jian Council.
   364 | D        | Found a shimmering altar of Xom.
   365 | D        | Found a basalt altar of Yredelemnul.
   366 | D        | Found a glowing silver altar of Zin.
   367 | D        | Found a glowing golden altar of the Shining One.
   369 | D        | Became a worshipper of Uskayaw the Reveler
   411 | D        | Noticed a yak
   413 | D        | Killed a yak
   413 | D        | Reached skill level 12 in Stealth
   413 | D        | Reached XP level 6. HP: 34/34 MP: 7/7
   413 | D        | Reached * piety under Uskayaw
   415 | D        | Reached ** piety under Uskayaw
   424 | D        | Reached *** piety under Uskayaw
   426 | D        | Reached **** piety under Uskayaw
   433 | D        | Reached skill level 5 in Fighting
   439 | D        | Noticed a death knight
   439 | D        | Noticed an efreet
   439 | D        | Noticed a hungry ghost
   439 | D        | Noticed a two-headed ogre
   439 | D        | Noticed a purple ugly thing
   442 | D        | Killed a purple ugly thing
   442 | D        | Reached skill level 14 in Stealth
   442 | D        | Reached XP level 7. HP: 35/39 MP: 6/8
   444 | D        | Reached ***** piety under Uskayaw
   447 | D        | Killed a two-headed ogre
   447 | D        | Reached skill level 10 in Short Blades
   447 | D        | Reached skill level 5 in Dodging
   447 | D        | Reached skill level 15 in Stealth
   447 | D        | Gained mutation: You have razor-sharp teeth. [Vine Stalker growth]
   447 | D        | Reached XP level 8. HP: 23/45 MP: 4/9
   447 | D        | Killed an efreet
   447 | D        | Reached XP level 9. HP: 26/50 MP: 4/10
   448 | D        | Reached ****** piety under Uskayaw
   451 | D        | Reached skill level 1 in Invocations
   464 | D        | Killed a death knight
   464 | D        | Reached skill level 1 in Armour
   499 | D        | Noticed Erica
   537 | D        | Killed Erica
   537 | D        | Reached skill level 16 in Stealth
   618 | D        | Got the +2 chain mail "Ynupn" {Int+6}
   630 | D        | Noticed a spiny frog
   640 | D        | Reached skill level 5 in Invocations
   641 | D        | Noticed a spiny frog
   646 | D        | Reached XP level 10. HP: 45/56 MP: 11/14
   654 | D        | Killed a spiny frog
   856 | D        | Killed a spiny frog
  1004 | D        | Noticed a spiny frog
  1026 | D        | Killed a spiny frog
  1026 | D        | Reached skill level 17 in Stealth
  1114 | D        | Noticed an elephant
  1114 | D        | Noticed an elephant
  1114 | D        | Noticed an elephant
  1114 | D        | Noticed an elephant
  1114 | D        | Noticed an elephant
  1114 | D        | Noticed an elephant
  1115 | D        | Noticed a dire elephant
  1127 | D        | Killed an elephant
  1135 | D        | Killed an elephant
  1148 | D        | Killed an elephant
  1148 | D        | Reached XP level 11. HP: 30/62 MP: 15/18
  1149 | D        | Killed a dire elephant
  1156 | D        | Reached skill level 10 in Invocations
  1494 | D        | Noticed an orc knight
  1497 | D        | Noticed an orc high priest
  1505 | D        | Reached skill level 10 in Fighting
  1506 | D        | Noticed an orc knight
  1507 | D        | Reached skill level 5 in Armour
  1518 | D        | HP: 3/63 [orc knight/battleaxe (17)]
  1543 | D        | Killed an orc knight
  1544 | D        | Killed an orc high priest
  1544 | D        | Reached skill level 18 in Stealth
  1546 | D        | Killed an orc knight
  1659 | D        | Found Ettocio's Antique Armour Boutique.
  1659 | D        | Noticed a deep troll
  1659 | D        | Noticed a deep troll
  1659 | D        | Noticed a deep troll
  1661 | D        | Noticed a deep troll
  1669 | D        | Noticed an ogre mage
  1671 | D        | Killed a deep troll
  1672 | D        | Noticed an ettin
  1678 | D        | Killed a deep troll
  1681 | D        | Killed a deep troll
  1681 | D        | Gained mutation: You heal very quickly. [Vine Stalker growth]
  1681 | D        | Reached XP level 12. HP: 15/68 MP: 9/23
  1681 | D        | Found Torixas's Distillery.
  1831 | D        | Killed an ogre mage
  1855 | D        | Found Posiumej's Jewellery Boutique.
  1862 | D        | Slain by an ettin

Vault maps used:
D:        linesprint

Skill      XL: |  1  2  3  4  5  6  7  8  9 10 11 12 |
---------------+-------------------------------------+-----
Short Blades   | 2 3 4 6 8 10 11 12 13 | 13.8
Stealth        | 6 8 10 12 14 15 16 17 18 | 18.5
Fighting       | 2 3 4 5 6 7 8 9 10 | 10.4
Throwing       | 2 3 4 |  4.2
Dodging        | 1 2 3 4 5 6 7 |  7.6
Invocations    | 5 8 13 14 | 14.5
Armour         | 2 4 5 |  5.6
Evocations     | |  0.6

Action                   |  1- 3 |  4- 6 |  7- 9 | 10-12 || total
-------------------------+-------+-------+-------+-------++-------
Melee: Dagger            |    37 |    10 |       |    45 ||    92
       Bite              |     5 |     7 |    10 |   121 ||   143
       Rapier            |       |    22 |    30 |   224 ||   276
Invok: Grand Finale      |       |       |       |     5 ||     5
       Stomp             |       |       |       |     2 ||     2
Evoke: Wand              |       |       |     5 |     7 ||    12
  Use: Potion            |     1 |       |       |       ||     1
 Stab: Sleeping          |       |     2 |     1 |     4 ||     7
       Paralysed         |       |     1 |     1 |    15 ||    17
  Eat: Chunk             |       |       |       |     8 ||     8
Armor: Robe              |     4 |       |       |       ||     4
       Ring mail         |       |     4 |     2 |    36 ||    42
Dodge: Dodged            |    19 |    12 |     8 |   138 ||   177

Table legend:
 A = Spawn XP
 B = Non-spawn XP
 C = Spawn XP percentage of total XP
 D = Spawn monster count
 E = Non-spawn monster count
 F = Spawn count percentage of total count
 G = Total turns spent on level
                    A         B        C        D         E        F      G
               +---------+---------+-------+---------+---------+-------+---------
         Total |       0 |   20916 |   0.0 |       0 |      81 |   0.0 |  1862
               +---------+---------+-------+---------+---------+-------+---------
             D |       0 |   20916 |   0.0 |       0 |      81 |   0.0 |  1862
               +---------+---------+-------+---------+---------+-------+---------
